 Dungeon Crawl Stone Soup version 0.26-a0-612-gd4d190f45e (webtiles) character file.

Game seed: 7636355295697664452

2 DogServant the Sneak (level 1, -1/10 HPs)
             Began as a Vampire Enchanter on Sept 10, 2020.
             Slain by a kobold
             ... wielding a +0 short sword
              (4 damage)
             ... on level 1 of the Dungeon.
             The game lasted 00:01:13 (150 turns).

DogServant the Sneak (Vampire Enchanter)             Turns: 150, Time: 00:01:14

Health: -1/10      AC:  3    Str:  7    XL:     1   Next: 25%
Magic:  3/3        EV: 12    Int: 17    God:
Gold:   0          SH:  0    Dex: 14    Spells: 3/4 levels left

rFire    . . .     SeeInvis +   a - +1 dagger
rCold    + + .     Faith    .   (no shield)
rNeg     + + +     Spirit   .   b - +1 robe
rPois    ∞         Reflect  .   (no helmet)
rElec    .         Harm     .   (no cloak)
rCorr    .                      (no gloves)
MR       .....                  (no boots)
Stlth    +++++.....             (no amulet)
HPRegen  0.00/turn              (no ring)
MPRegen  0.08/turn              (no ring)

@: bloodless
A: fangs 3, see invisible, unbreathing
a: Revivify


You were on level 1 of the Dungeon.
You visited 1 branch of the dungeon, and saw 1 of its levels.

Inventory:

Hand Weapons
 a - a +1 dagger (weapon)
 f - a +2 dagger of protection
Armour
 b - a +1 robe (worn)
Scrolls
 c - a scroll of identify {unknown}


   Skills:
 - Level 1.1 Short Blades
 - Level 2.1 Dodging
 + Level 4.5 Stealth
 + Level 2.0 Spellcasting
 + Level 4.4 Hexes


You had 3 spell levels left.
You knew the following spells:

 Your Spells              Type           Power        Failure   Level
a - Corona                Hex            ###....      3%          1

Your spell library contained the following spells:

 Spells                   Type           Power        Failure   Level
 Confusing Touch          Hex            ###.....     9%          3
 Tukima's Dance           Hex            ###.....     9%          3
 Ensorcelled Hibernation  Hex/Ice        #.....       12%         2
 Dazzling Flash           Conj/Hex       #.....       22%         3


Dungeon Overview and Level Annotations

Branches:
Dungeon (1/15)

Altars:


Innate Abilities, Weirdness & Mutations

You do not regenerate when monsters are visible.
You are frail without blood (-20% HP).
You can heal yourself when you bite living creatures.
You are immune to poison.
You have razor-sharp teeth.
You have supernaturally acute eyesight. (SInv)
You can survive without breathing.


Message History

c - a scroll labeled REEVEK WUOM A kobold and a dart slug come into view.
There are monsters nearby!
A bat comes into view.
You see here a scroll labeled SUNOGUIROE.
The kobold throws a stone.
The stone hits you but does no damage.
Things that are here:
a stone; 17 gold pieces
Found a stone staircase leading down.
The kobold hits you with a +0 short sword.
You barely miss the kobold. The kobold closely misses you.
You hit the kobold but do no damage. Your bite misses the kobold.
The kobold closely misses you.
You closely miss the kobold.
The kobold hits you with a +0 short sword.
* * * LOW HITPOINT WARNING * * *
Things that are here:
a stone; 17 gold pieces The kobold hits you with a +0 short sword.
You die...

##.# *..#.........#*#.....(.##
#.# *.####......####.....#..##
#.###......##.#...##.....#..†#
#......###**#.#.#....####..###
#####...# #.#....###**#†##
***,,.#.# ##.#.#...##....#
*,,,*.#,#*##....##.....####
***,*,,.#,,##............**
**,,,,,*##*,#...@#####.....*
,,,*,,** #.#.#.K# ###.#.****
****,** #......# *....,,***
***,,*****#.#.##w# ***,**,,,,
,,,,,,,,,.....*#.# *,******
***,****,..b.**..# *,,** *
*,*,,,,##.#*#.##*********,,****
***,,,****#.**#.**,,,,,,****,,,**
,,,,,** *,,,..**,****,,,,***,**


You could see a dart slug, a bat (asleep) and a kobold.

Vanquished Creatures
  A goblin (D:1)
  2 rats (D:1)
3 creatures vanquished.

Notes
Turn   | Place    | Note
-------+----------+-------------------------------------------
     0 | D:1      | DogServant the Vampire Enchanter began the quest for the
                  | Orb.
     0 | D:1      | Reached XP level 1. HP: 13/13 MP: 3/3
   150 | D:1      | Slain by a kobold

Illustrated notes

Levels and vault maps discovered:
D:1:      nzn_arrival_depleted_hourglass, layout_rooms

Action                   || total
-------------------------++-------
Melee: Dagger            ||     7
 Abil: Exsanguinate      ||     1
  Use: Scroll            ||     4
 Stab: Sleeping          ||     2
Dodge: Dodged            ||     3

Table legend: (Time is in decaauts)
 A = Elapsed time spent in this place.
 B = Non-inter-level travel time spent in this place.
 C = Inter-level travel time spent in this place.
 D = Time resting spent in this place.
 E = Time spent auto-exploring this place.
 F = Levels seen in this place.
 G = Mean time per level.
                   A        B        C        D        E       F      G
               +--------+--------+--------+--------+--------+-----+--------+
         Total |    149 |    149 |      0 |      0 |     87 |   1 |  149.0 |
       Dungeon |    149 |    149 |      0 |      0 |     87 |   1 |  149.0 |
               +--------+--------+--------+--------+--------+-----+--------+

Top non-repeatable levels by time:
     D:1: 149 daAuts
